 Dungeon Crawl Stone Soup version 0.23-a0-319-gb40ba49 (webtiles) character file.

866 Amnesiac the Digger (level 7, -5/55 HPs)
             Began as a Deep Dwarf Earth Elementalist on Oct 15, 2018.
             Slain by a gnoll
             ... wielding a +0 spear
              (7 damage)
             ... on level 6 of the Dungeon.
             The game lasted 00:07:38 (2498 turns).

Amnesiac the Digger (Deep Dwarf Earth Elementalist) Turns: 2498, Time: 00:07:38

Health: -5/55      AC:  6    Str: 15    XL:     7   Next: 72%
Magic:  8/30       EV: 12    Int: 18    God:
Gold:   221        SH:  0    Dex: 13    Spells: 2/17 levels left

rFire    . . .     SeeInvis .   s - staff of power
rCold    . . .     Gourm    .   (no shield)
rNeg     . . .     Faith    +   f - +2 leather armour {rPois}
rPois    +         Spirit   .   (no helmet)
rElec    .         Reflect  .   (no cloak)
rCorr    .         Harm     .   w - +0 pair of gloves
MR       ++...                  (no boots)
Stlth    ++........             r - amulet of faith
HPRegen  0.00/turn              l - +4 ring of strength
MPRegen  0.22/turn              u - ring of protection from magic

@: very slightly contaminated, non-regenerating, drained
A: damage resistance, heal wounds, sense surroundings 1, wild magic 2, no
regeneration
a: Heal Wounds


You were on level 6 of the Dungeon.
You were not hungry.

You visited 1 branch of the dungeon, and saw 6 of its levels.

You collected 221 gold pieces.

Inventory:

Hand Weapons
 e - a +0 dagger
Missiles
 b - 63 stones (quivered)
 g - 17 sling bullets
 h - a throwing net
Armour
 f - a +2 leather armour of poison resistance (worn)
 w - a +0 pair of gloves (worn)
Magical Staves
 s - an uncursed staff of power (weapon)
Jewellery
 l - a +4 ring of strength (left hand)
 r - an amulet of faith (around neck)
 u - a ring of protection from magic (right hand)
Wands
 o - a wand of scattershot (4)
Scrolls
 c - a scroll of teleportation {!r, unknown}
 i - 2 scrolls of magic mapping {!r, unknown}
 j - 4 scrolls of identify {!r, unknown}
 k - 2 scrolls of blinking {!r, unknown}
 m - 2 scrolls of fog {!r, unknown}
 n - 4 scrolls of remove curse {!r, unknown}
 q - a scroll of random uselessness {!r, unknown}
 t - a scroll of acquirement {!r, unknown}
 v - a scroll of enchant armour {!r, unknown}
Potions
 a - a potion of lignification {!q}
Comestibles
 d - 2 rations
 p - 4 chunks of flesh


   Skills:
 + Level 2.2 Short Blades
 - Level 2.1 Dodging
 - Level 2.4 Stealth
 * Level 5.9 Spellcasting
 - Level 0.8 Transmutations
 + Level 7.4 Earth Magic


You had 2 spell levels left.
You knew the following spells:

 Your Spells              Type           Power        Failure   Level  Hunger
a - Stone Arrow           Conj/Erth      ####..       21%         3    ##.....
b - Passwall              Tmut/Erth      ####....     11%         2    None
c - Sandblast             Erth           ######       3%          1    None
d - Lee's Rapid Deconstr  Erth           ######....   36%         5    #####..
e - Petrify               Tmut/Erth      ####....     43%         4    ####...

Your spell library contained the following spells:

 Spells                   Type           Power        Failure   Level  Hunger


Dungeon Overview and Level Annotations

Branches:
Dungeon (6/15)
 Temple: D:4-7

Altars:
Cheibriados
Trog
Yredelemnul

Annotations:
D:4 3 runed doors, exclusion: player ghost, CLM's ghost, amateur VSTm; varaam's ghost, amateur BaSk


Innate Abilities, Weirdness & Mutations

You are resistant to damage.
You can heal yourself by infusing magical energy.
You passively map a small area around you.
You do not regenerate.
Your spells are harder to cast, but more powerful.


Message History

Casting: Stone Arrow (safe; 22% risk of failure)
Confirm with . or Enter, or press ? or * to list all spells.
You can't see any susceptible monsters within range! (Use Z to cast anyway.)
Casting: Stone Arrow (safe; 22% risk of failure)
Confirm with . or Enter, or press ? or * to list all spells.
You can't see any susceptible monsters within range! (Use Z to cast anyway.)
You start resting.
The gnoll shaman is too close now for your liking.
Casting: Stone Arrow (safe; 22% risk of failure)
Confirm with . or Enter, or press ? or * to list all spells.
Aiming: Stone Arrow (safe; 22% risk of failure)
Press: ? - help, Shift-Dir - straight line, f - gnoll shaman
Aim: a gnoll shaman, wielding a club and wearing a robe The stone arrow misses the gnoll shaman.
Casting: Stone Arrow (safe; 22% risk of failure)
Confirm with . or Enter, or press ? or * to list all spells.
Aiming: Stone Arrow (safe; 22% risk of failure)
Press: ? - help, Shift-Dir - straight line, f/p - gnoll shaman
Aim: a gnoll shaman, wielding a club and wearing a robe You miscast Stone Arrow.
Your feet feel warm.
Casting: Stone Arrow (safe; 22% risk of failure)
Confirm with . or Enter, or press ? or * to list all spells.
Aiming: Stone Arrow (safe; 22% risk of failure)
Press: ? - help, Shift-Dir - straight line, f/p - gnoll shaman
Aim: a gnoll shaman, wielding a club and wearing a robe The stone arrow hits the gnoll shaman.
The gnoll shaman is heavily wounded.
Casting: Stone Arrow (safe; 22% risk of failure)
Confirm with . or Enter, or press ? or * to list all spells.
Aiming: Stone Arrow (safe; 22% risk of failure)
Press: ? - help, Shift-Dir - straight line, f/p - gnoll shaman
Aim: a gnoll shaman, wielding a club and wearing a robe (heavily wounded)
The stone arrow hits the gnoll shaman.
You kill the gnoll shaman!
Casting: Stone Arrow (safe; 21% risk of failure)
Confirm with . or Enter, or press ? or * to list all spells.
Aiming: Stone Arrow (safe; 21% risk of failure)
Press: ? - help, Shift-Dir - straight line, f - gnoll
Aim: a gnoll, wielding a flail The stone arrow hits the gnoll.
You kill the gnoll!
Items here: )) [ † a flail; a club; a robe; a gnoll corpse You butcher the gnoll corpse.
p - 4 chunks of flesh
Items here: )) [ ÷ a flail; a club; a robe; a gnoll skeleton There isn't anything to butcher here.
There isn't anything to butcher here.
Okay, then.
A gnoll comes into view. It is wielding a club.
A gnoll comes into view. It is wielding a spear.
The gnoll moves out of view.
You see here a whip of venom.
Casting: Stone Arrow (safe; 21% risk of failure)
Confirm with . or Enter, or press ? or * to list all spells.
Aiming: Stone Arrow (safe; 21% risk of failure)
Press: ? - help, Shift-Dir - straight line, f - gnoll
Aim: a gnoll, wielding a spear (hasn't noticed you)
The stone arrow hits the gnoll.
The gnoll is almost dead.
The gnoll shouts!
The gnoll hits you from afar with a spear!
You die...

#####..## #.#
#...#...# #.#
* #..#.###.#
, ##.#..##.#
, ..##.##)# ,
.#..#.##.##.#
#..?.###.##.#
$.........).#
...#####@####
,, #..# ,
##g#* * ,*
#.. * *#)§.,
* * ≈.§..*
≈≈..## ≈≈..#
≈≈...≈*


You could see a gnoll.

Vanquished Creatures
  A phantom (D:4)
  An ogre (D:6)
  2 centaurs (D:5)
  2 wights
  A jelly (D:6)
  A bullfrog skeleton (D:5)
  A gnoll shaman (D:6)
  Jessica (D:2)
  6 worker ants
  3 gnolls (D:6)
  8 adders
  2 shadow imps (D:5)
  An adder skeleton (D:4)
  An adder zombie (D:5)
  2 worms (D:4)
  A dart slug (D:4)
  A leopard gecko (D:4)
  9 orcs
  3 ball pythons
  2 giant cockroaches
  5 goblins
  2 hobgoblins (D:2)
  4 jackals (D:5)
  3 kobolds (D:2)
  2 quokkas (D:4)
  4 frilled lizards
  A leopard gecko skeleton (D:4)
  4 rats (D:2)
74 creatures vanquished.

Vanquished Creatures (others)
  2 withered plants (D:4)
2 creatures vanquished.

Grand Total: 76 creatures vanquished

Notes
Turn   | Place    | Note
-------+----------+-------------------------------------------
     0 | D:1      | Amnesiac the Deep Dwarf Earth Elementalist began the quest
                  | for the Orb.
     0 | D:1      | Reached XP level 1. HP: 15/15 MP: 3/3
    92 | D:2      | Noticed Jessica
   123 | D:2      | Reached XP level 2. HP: 4/22 MP: 3/5
   125 | D:2      | Killed Jessica
   125 | D:2      | Reached XP level 3. HP: 5/28 MP: 4/7
   129 | D:2      | Learned a level 2 spell: Passwall
   158 | D:1      | Gained mutation: You have a pair of small horns on your
                  | head. [potion of mutation]
   158 | D:1      | Gained mutation: You are frail. (-10% HP) [potion of
                  | mutation]
   158 | D:1      | Gained mutation: Your flesh is heat resistant. (rF+)
                  | [potion of mutation]
   159 | D:1      | Lost mutation: You have a pair of small horns on your head.
                  | [potion of mutation]
   159 | D:1      | Lost mutation: You are frail. (-10% HP) [potion of
                  | mutation]
   159 | D:1      | Lost mutation: Your flesh is heat resistant. (rF+) [potion
                  | of mutation]
   159 | D:1      | Gained mutation: Your spells are a little harder to cast,
                  | but a little more powerful. [potion of mutation]
   159 | D:1      | Gained mutation: Your spells are harder to cast, but more
                  | powerful. [potion of mutation]
   316 | D:2      | Reached skill level 5 in Earth Magic
   316 | D:2      | Reached XP level 4. HP: 4/36 MP: 4/8
   322 | D:2      | Learned a level 4 spell: Petrify
   384 | D:2      | Found a basalt altar of Yredelemnul.
   562 | D:3      | Found a bloodstained altar of Trog.
   730 | D:4      | Found a runed gate.
   730 | D:4      | Found a runed gate.
   730 | D:4      | Found a runed gate.
   733 | D:4      | Reached XP level 5. HP: 35/42 MP: 8/10
   750 | D:4      | Noticed CLM's ghost (amateur VSTm)
   763 | D:4      | Noticed varaam's ghost (amateur BaSk)
   769 | D:5      | Entered Level 5 of the Dungeon
   915 | D:4      | Noticed a phantom
   926 | D:4      | Killed a phantom
   926 | D:4      | Reached skill level 6 in Earth Magic
   926 | D:4      | Reached XP level 6. HP: 26/49 MP: 3/12
   933 | D:4      | Learned a level 5 spell: Lee's Rapid Deconstruction
  1019 | D:4      | Got a shimmering ring mail
  1046 | D:4      | Found a snail-covered altar of Cheibriados.
  1481 | D:5      | HP: 1/49 [centaur/arrow (8)]
  1489 | D:5      | Reached skill level 5 in Spellcasting
  1541 | D:5      | Reached skill level 1 in Short Blades
  1546 | D:5      | Learned a level 3 spell: Stone Arrow
  1596 | D:5      | Reached XP level 7. HP: 17/55 MP: 10/14
  2130 | D:3      | Identified the +0 ring mail of Starshine {Dex+4} (You found
                  | it on level 4 of the Dungeon)
  2238 | D:6      | Reached skill level 7 in Earth Magic
  2281 | D:6      | HP: 2/55 [wight/enchanted hand axe (1)]
  2498 | D:6      | Slain by a gnoll

Vault maps used:
D:1:      mrwooster_arrival_statue_3
D:2:      lemuel_round_altar, hex_intersection, uniq_jessica
D:3:      zin_academy, lightli_temple_of_fire
D:4:      kennysheep_slug_shrine, gammafunk_ghost_cemetery
D:5:      first_ration
D:6:      cheibrodos_barr_body, minmay_temple_entry_fiery, serial_shops,
          shop_statue, chequers_hall_statues_corner_a,
          hangedman_decor_diamond_cutter

Skill      XL: |  1  2  3  4  5  6  7 |
---------------+----------------------+-----
Spellcasting   | 2 3 4 5 |  5.9
Earth Magic    | 5 6 7 |  7.4
Short Blades   | 1 2 |  2.2
Dodging        | |  2.1
Stealth        | |  2.4
Transmutations | |  0.8

Action                   |  1- 3 |  4- 6 |  7- 9 || total
-------------------------+-------+-------+-------++-------
Melee: Dagger            |    14 |    10 |       ||    24
 Cast: Sandblast         |    19 |    54 |       ||    73
       Passwall          |     1 |     6 |       ||     7
       Stone Arrow       |       |     5 |    24 ||    29
 Abil: Heal Wounds       |       |     2 |       ||     2
  Use: Potion            |     4 |     1 |       ||     5
 Stab: Sleeping          |     1 |     4 |       ||     5
  Eat: Chunk             |       |     2 |     2 ||     4
       Ration            |       |       |     1 ||     1
Armor: Skin              |     4 |       |       ||     4
       Robe              |     1 |     3 |       ||     4
Dodge: Dodged            |     7 |    21 |     4 ||    32

Table legend:
 A = Non-vault XP
 B = Vault XP
 C = Vault XP percentage of total XP
 D = Non-vault monster count
 E = Vault monster count
 F = Vault count percentage of total count
                 A         B        C        D         E       F
            +---------+---------+-------+---------+---------+-------
      Total |    1197 |      41 |   3.3 |      72 |       2 |   2.7
            +---------+---------+-------+---------+---------+-------
        D:1 |       6 |       0 |   0.0 |       3 |       0 |   0.0
        D:2 |      73 |      37 |  33.6 |      18 |       1 |   5.3
        D:3 |      26 |       0 |   0.0 |       9 |       0 |   0.0
        D:4 |     355 |       4 |   1.1 |      19 |       1 |   5.0
        D:5 |     423 |       0 |   0.0 |      16 |       0 |   0.0
        D:6 |     314 |       0 |   0.0 |       7 |       0 |   0.0
            +---------+---------+-------+---------+---------+-------
